 Dungeon Crawl Stone Soup version 0.19-a0-1097-g38e3b35 (webtiles) character file.

11685 junb69 the Grappler (level 11, -2/102 HPs)
             Began as a Ghoul Monk on Aug 7, 2016.
             Was a High Priest of Kikubaaqudgha.
             Slain by Snorg (7 damage)
             ... on level 1 of the Orcish Mines on Aug 8, 2016.
             The game lasted 00:38:50 (12147 turns).

junb69 the Grappler (Ghoul Monk)                   Turns: 12147, Time: 00:38:51

Health: -2/102     AC: 16    Str: 22    XL:     11   Next: 81%
Magic:  10/10      EV: 12    Int:  8    God:    Kikubaaqudgha [*****.]
Gold:   1110       SH:  5    Dex: 11    Spells: 1 memorised, 4 levels left

rFire  x . .     SeeInvis .       - Unarmed
rCold  + + +     Gourm    .     r - +0 ice dragon armour
rNeg   + + +     Faith    +     g - +0 buckler
rPois  ∞         Spirit   .     w - +2 hat
rElec  .         Dismiss  .     K - +1 cloak
rCorr  .         Reflect  .     (no gloves)
SustAt .         Harm     .     (no boots)
MR     ++...                    n - amulet of faith
Stlth  ..........               L - ring of the Mage {Wiz MR++ Int+3}
                                d - +3 ring of strength

@: rotting
A: rotting body, claws 1, carnivore 3, cold resistance 1, negative energy
resistance 3, slow regeneration 1, torment resistance, unbreathing
a: Receive Corpses, Torment, Renounce Religion


You were on level 1 of the Orcish Mines.
You worshipped Kikubaaqudgha.
Kikubaaqudgha was extremely pleased with you.
You were not hungry.

You visited 4 branches of the dungeon, and saw 15 of its levels.
You also visited: Labyrinth.

You collected 1110 gold pieces.

Inventory:

Armour
 g - a +0 buckler (worn)
 r - a +0 ice dragon armour (worn)
 w - a +2 hat (worn)
 K - a +1 cloak (worn)
Jewellery
 d - a +3 ring of strength (left claw)
 l - a +6 ring of intelligence
 n - an amulet of faith (around neck)
 q - an uncursed ring of wizardry
 B - an uncursed ring of flight
 C - an uncursed ring of resist corrosion
 E - an uncursed ring of see invisible
 L - the ring of the Mage (right claw) {Wiz MR++ Int+3}
   (You found it on level 8 of the Dungeon)

   [ring of wizardry]

   It improves your spell success rate.
   It affects your intelligence (+3).
   It affects your resistance to hostile enchantments.
Wands
 a - a wand of digging (13/24)
 c - a wand of iceblast (7/15)
 t - a wand of iceblast (7/15)
 x - a wand of lightning (4/15)
Scrolls
 e - a scroll of identify
 i - 2 scrolls of remove curse
 u - a scroll of enchant weapon
 y - a scroll of recharging
 z - 2 scrolls of immolation
Potions
 j - a potion of magic
 m - 4 potions of curing
 A - a potion of brilliance
 H - a potion of resistance
 I - a potion of cancellation
 J - a potion of ambrosia
Books
 k - a book of Air

   Spells                             Type                      Level
   a - Shock                          Conjuration/Air              1
   b - Swiftness                      Charms/Air                   2
   c - Repel Missiles                 Charms/Air                   2
   d - Static Discharge               Conjuration/Air              3
   e - Lightning Bolt                 Conjuration/Air              5
 o - a book of Geomancy

   Spells                             Type                      Level
   a - Sandblast                      Earth                        1
   b - Passwall                       Transmutation/Earth          2
   c - Stone Arrow                    Conjuration/Earth            3
   d - Petrify                        Transmutation/Earth          4
   e - Lee's Rapid Deconstruction     Earth                        5
 p - a book of Necromancy

   Spells                             Type                      Level
   a - Pain                           Necromancy                   1
   b - Animate Skeleton               Necromancy                   1
   c - Vampiric Draining              Necromancy                   3
   d - Regeneration                   Charms/Necromancy            3
   e - Animate Dead                   Necromancy                   4
   f - Control Undead                 Necromancy                   4
 D - a book of Power

   Spells                             Type                      Level
   a - Fulminant Prism                Conjuration/Hexes            4
   b - Iskenderun's Mystic Blast      Conjuration                  4
   c - Venom Bolt                     Conjuration/Poison           5
   d - Bolt of Magma                  Conjuration/Fire/Earth       5
   e - Iron Shot                      Conjuration/Earth            6
   f - Orb of Destruction             Conjuration                  7
   g - Spellforged Servitor           Conjuration/Summoning        7
Comestibles
 b - 5 meat rations
 f - 3 beef jerkies
 h - 6 slices of pizza
 s - 2 chunks of flesh
 v - a royal jelly


   Skills:
 - Level 11.4 Fighting
 * Level 7.5 Armour
 - Level 5.2 Dodging
 - Level 2.1 Stealth
 * Level 5.8 Shields
 - Level 11.5 Unarmed Combat


You had 4 spell levels left.
You knew the following spells:

 Your Spells              Type           Power        Failure   Level  Hunger
a - Deflect Missiles      Chrm/Air       #.........   100%        6    #######


Dungeon Overview and Level Annotations

Branches:
Dungeon (10/15)            Temple (1/1) D:5            Lair (3/6) D:9
 Shoals (0/4) Lair:3        Snake (0/4) Lair:3          Orc (1/2) D:9

Altars:
Ashenzari
Cheibriados
Dithmenos
Elyvilon
Fedhas
Gozag
Hepliaklqana
Kikubaaqudgha
Makhleb
Nemelex Xobeh
Pakellas
Qazlal
Ru
Sif Muna
Trog
Uskayaw
Vehumet
Xom
Yredelemnul
Zin
The Shining One

Annotations:
Orc:1 Snorg


Innate Abilities, Weirdness & Mutations

Your body is rotting away.
You thrive on raw meat.
You are immune to poison.
You have sharp fingernails.
You are carnivorous and can eat meat at any time.
Your flesh is cold resistant. (rC+)
You are immune to negative energy. (rN+++)
You regenerate slowly when monsters are visible.
You are immune to unholy pain and torment.
You can survive without breathing.


Message History

Snorg is heavily wounded.
Snorg bites you!! You block Snorg's attack. Snorg barely misses you.
Snorg bites you!
* * * LOW HITPOINT WARNING * * *
Snorg claws you.
* * * LOW HITPOINT WARNING * * *
Snorg claws you but does no damage.
You mangle Snorg!!
Snorg is severely wounded.
Snorg bites you but does no damage. Snorg barely misses you. Snorg claws you!
* * * LOW HITPOINT WARNING * * *
You mangle Snorg!!
Snorg is severely wounded.
Snorg bites you.
* * * LOW HITPOINT WARNING * * *
Snorg claws you.
* * * LOW HITPOINT WARNING * * *
Snorg claws you!
You die...
Kikubaaqudgha rasps: "You have failed me!
Welcome... oblivion!"

##.#....#.#..#.##
#......###......##
#......#.#...#...# ###
...#..........#.## #..##
#..##........##.###....#
.................#.....#
...##.#.....[...........
..##.#..........T....#.#
###...........#.@#...#
.##...................#
..#.....................
........................
................$.......
...................#..##
.............>.........#
.#....................##
......#.....


You could see Snorg (berserk).

Vanquished Creatures
  A minotaur (Lab)
  Fannar (D:10)
  Pikel (D:7)
  A hill giant (D:8)
  An elephant (Lair:3)
  Maurice (D:9)
  2 spiny frogs
  3 komodo dragons
  A troll (Orc:1)
  A two-headed ogre (D:8)
  Eustachio (D:4)
  2 wyverns
  A hungry ghost (D:8)
  A hippogriff (D:5)
  3 wargs (D:9)
  3 water moccasins
  A swamp drake (D:9)
  3 sky beasts
  4 slaves (D:7)
  8 orc warriors
  2 phantoms
  A black bear (D:10)
  2 ogres
  3 centaurs
  A big kobold (D:4)
  4 crocodiles
  7 giant frogs
  A gnoll sergeant (D:9)
  5 scorpions
  15 killer bees (D:9)
  3 howler monkeys
  3 electric eels (D:10)
  5 crimson imps
  2 giant frog zombies (D:10)
  A centaur zombie (D:10)
  A centaur skeleton (D:5)
  A jelly (D:10)
  5 orc priests
  2 giant frog skeletons
  6 hounds
  12 orc wizards
  5 iguanas
  11 worker ants
  A hound zombie (D:5)
  A hound skeleton (D:8)
  A howler monkey zombie (D:5)
  A worker ant zombie (D:7)
  7 gnolls
  10 adders
  9 river rats (Lair:2)
  A shadow imp (D:9)
  An ooze (D:4)
  An adder zombie (D:9)
  7 worms
  A dart slug (D:1)
  4 giant geckos
  40 orcs
  A ball python (D:2)
  9 bats
  2 giant cockroaches
  8 goblins
  6 hobgoblins
  15 jackals
  7 kobolds
  2 quokkas
  A giant cockroach zombie (D:6)
  A giant gecko skeleton (D:6)
  5 giant newts
  2 jackal zombies (D:5)
  A quokka skeleton (D:7)
  A quokka zombie (D:7)
  10 rats
294 creatures vanquished.

Vanquished Creatures (others)
  A bat (D:1)
  A fungus (Lair:3)
  3 plants (Lair:3)
5 creatures vanquished.

Grand Total: 299 creatures vanquished

Notes
Turn   | Place    | Note
-------+----------+-------------------------------------------
     0 | D:1      | junb69 the Ghoul Monk began the quest for the Orb.
     0 | D:1      | Reached XP level 1. HP: 19/19 MP: 0/0
    96 | D:1      | Reached XP level 2. HP: 25/26 MP: 1/1
   631 | D:2      | Reached XP level 3. HP: 28/33 MP: 2/2
   785 | D:2      | Reached XP level 4. HP: 38/40 MP: 3/3
   801 | D:2      | Found an opulent altar of Gozag.
  1558 | D:3      | Reached XP level 5. HP: 47/47 MP: 4/4
  1666 | D:3      | Reached skill level 5 in Unarmed Combat
  2046 | D:4      | Reached skill level 5 in Fighting
  2069 | D:4      | Noticed a big kobold
  2079 | D:4      | Killed a big kobold
  2079 | D:4      | Reached XP level 6. HP: 51/56 MP: 5/5
  2475 | D:4      | Reached XP level 7. HP: 43/64 MP: 6/6
  2805 | D:4      | Found a glowing golden altar of the Shining One.
  2881 | D:4      | Noticed Eustachio
  2897 | D:4      | Killed Eustachio
  3131 | D:5      | Entered Level 5 of the Dungeon
  3131 | D:5      | Noticed a hippogriff
  3141 | D:5      | Killed a hippogriff
  3141 | D:5      | Reached XP level 8. HP: 68/73 MP: 7/7
  3184 | D:5      | Found a staircase to the Ecumenical Temple.
  3192 | Temple   | Entered the Ecumenical Temple
  3229 | Temple   | Became a worshipper of Kikubaaqudgha
  3229 | Temple   | Reached * piety under Kikubaaqudgha
  3229 | Temple   | Received a gift from Kikubaaqudgha
  3229 | Temple   | Reached ** piety under Kikubaaqudgha
  3232 | Temple   | Identified Kikubaaqudgha's Disquisition on Unholy Arts (Kikubaaqudgha gifted it to you in the Ecumenical Temple)
  4244 | D:6      | Found a deep blue altar of Sif Muna.
  4283 | D:6      | Reached skill level 1 in Armour
  4697 | D:6      | Reached XP level 9. HP: 52/81 MP: 8/8
  5068 | D:7      | Found a glowing golden altar of the Shining One.
  5306 | D:7      | Noticed Pikel
  5507 | D:7      | Killed Pikel
  5507 | D:7      | Reached skill level 5 in Dodging
  5774 | D:8      | Noticed a moth of wrath
  5777 | D:8      | Found a bloodstained altar of Trog.
  5993 | D:8      | Found a snail-covered altar of Cheibriados.
  6027 | D:8      | Noticed a two-headed ogre
  6040 | D:8      | Killed a two-headed ogre
  6167 | D:8      | Reached XP level 10. HP: 72/91 MP: 9/9
  6169 | D:8      | Noticed a hill giant
  6196 | D:8      | Killed a hill giant
  6196 | D:8      | Reached skill level 10 in Fighting
  6196 | D:8      | Reached skill level 10 in Unarmed Combat
  6305 | D:8      | Found a stormy altar of Qazlal.
  6747 | D:9      | Reached *** piety under Kikubaaqudgha
  6747 | D:9      | Received a gift from Kikubaaqudgha
  6752 | D:9      | Identified Kikubaaqudgha's Grimoire of Darkness (Kikubaaqudgha gifted it to you on level 9 of the Dungeon)
  6818 | D:9      | Found a shattered altar of Ashenzari.
  6819 | D:9      | Found a hide-covered altar of Uskayaw.
  8155 | D:9      | Found a snail-covered altar of Cheibriados.
  8173 | D:9      | Reached **** piety under Kikubaaqudgha
  8287 | D:9      | Reached skill level 1 in Shields
  8338 | D:9      | Found a staircase to the Lair.
  8359 | D:9      | Reached skill level 5 in Armour
  8756 | D:9      | Noticed Maurice
  8825 | D:9      | Killed Maurice
  8825 | D:9      | Reached XP level 11. HP: 97/101 MP: 10/10
  8949 | D:9      | Found a staircase to the Orcish Mines.
  9068 | D:9      | Found a basalt altar of Yredelemnul.
  9081 | D:9      | Found a sparkling altar of Nemelex Xobeh.
  9214 | D:10     | Entered Level 10 of the Dungeon
  9937 | D:10     | Noticed Fannar
  9974 | D:10     | Killed Fannar
 10024 | D:10     | Upgraded the game from 0.19-a0-1091-g463c9de to 0.19-a0-1097-g38e3b35
 10031 | D:10     | Learned a level 6 spell: Deflect Missiles
 10126 | Lair:1   | Entered Level 1 of the Lair of Beasts
 10558 | Lair:1   | Noticed a four-headed hydra
 10633 | Lair:2   | Reached ***** piety under Kikubaaqudgha
 10842 | Lair:2   | Noticed a six-headed hydra
 10861 | Lair:3   | Noticed a six-headed hydra
 10861 | Lair:3   | Noticed a death yak
 10861 | Lair:3   | Noticed a death yak
 10861 | Lair:3   | Noticed a death yak
 10861 | Lair:3   | Noticed a death yak
 10861 | Lair:3   | Noticed a death yak
 10861 | Lair:3   | Noticed a death yak
 10941 | Lair:3   | Found a labyrinth entrance.
 10946 | Lab      | Entered a labyrinth
 11377 | Lab      | Noticed a minotaur
 11389 | Lab      | Killed a minotaur
 11389 | Lab      | Reached skill level 5 in Shields
 11941 | Orc:1    | Entered Level 1 of the Orcish Mines
 12135 | Orc:1    | Noticed Snorg
 12147 | Orc:1    | HP: 5/102 [Snorg (5)]
 12147 | Orc:1    | Slain by Snorg

Vault maps used:
D:1:      lightli_arrival_windingriver
D:2:      nicolae_gozag_seed_capital, minmay_misc_feat_hallway
D:4:      wad_pebble_path, nicolae_tso_swordbearing_angel, st_stairs_1,
          kennysheep_nondescript, uniq_eustachio
D:5:      first_bread, minmay_a_box_with_orc_wizards_in_it
D:6:      old_standard_altar
D:7:      basic_altar, uniq_pikel
D:8:      minmay_tri_box, grunt_temple_overflow_open, tgw_trog
D:9:      nemelex_xobeh_ov_fountains_minmay, nicolae_overflow_hidden_temple,
          erik_lair_dragon, minmay_orc_entry_guard_dogs, special_room,
          cheibrodos_worm_habitat, uniq_maurice
D:10:     uniq_fannar
Temple:   minmay_temple_bridge_abc
Lair:1:   serial_bayou_shore_b
Lair:2:   zaba_antful_of_joy, lemuel_fruit_fields, lemuel_fruit_tree,
          lemuel_fruit_fields
Lair:3:   minmay_shoals_entry_lonely_mermaid, guppyfry_snake_entry_garden,
          lab_entry_generic
Orc:1:    uniq_gastronok, uniq_snorg
Lab:      labyrinth_watery, nicolae_lab_checkerboard, nicolae_lab_t_cross,
          labyrinth_glass_1, labyrinth_lava_lair

Skill      XL: |  1  2  3  4  5  6  7  8  9 10 11 |
---------------+----------------------------------+-----
Unarmed Combat | 4 5 6 7 9 11 | 11.5
Fighting       | 4 5 6 7 8 9 10 11 | 11.4
Armour         | 2 4 5 7 |  7.5
Dodging        | 3 5 |  5.2
Shields        | 3 5 |  5.8
Stealth        | |  2.1

Action                   |  1- 3 |  4- 6 |  7- 9 | 10-12 || total
-------------------------+-------+-------+-------+-------++-------
Melee: Unarmed           |    85 |   164 |   405 |   572 ||  1226
       Punch             |       |     5 |    12 |     6 ||    23
Evoke: Wand              |       |       |       |     4 ||     4
       Phantom mirror    |       |       |       |     1 ||     1
  Use: Scroll            |       |       |     9 |    30 ||    39
       Potion            |       |       |     2 |     7 ||     9
 Stab: Sleeping          |     2 |     1 |       |       ||     3
       Confused          |       |       |       |     2 ||     2
  Eat: Chunk             |    20 |    19 |    42 |    59 ||   140
Armor: Robe              |    33 |     2 |       |       ||    35
       Ring mail         |       |    19 |       |       ||    19
       Ice dragon armour |       |    50 |   166 |   247 ||   463
Dodge: Dodged            |    61 |    99 |   148 |   326 ||   634
Block: Buckler           |       |       |       |    95 ||    95
